← All builds
Air / Cortex / Economy first / OBSERVED BUILD

Standard air

The usual Cortex air game: Aircraft Plant just after the start, Advanced Metal Extractor around 7 minutes and Fusion Reactor around 11 minutes, making transports and fighters for the team while scaling economy normally.

Usually transports first (72%)

#eco #team support #air · 501 distinct matches · 111 players · 80% of Cortex Air games · team won 47% of 559 · Recently observed

HOW TO PLAY IT

Key timing: Aircraft Plant by 1:23

  1. Take 3 mex and open straight into Aircraft Plant.
  2. Finish Aircraft Plant, start pumping Valiant for escort duty.
  3. Get T2 constructor going to scale eco alongside air production.
  4. Add Advanced Metal Extractor to keep pace with team's economy.
  5. Bring Fusion Reactor online, keep making Hercules and Finch for allies.

Phase by phase

TYPICAL OF ITS 501 GAMES
  1. 1
  2. 2
  3. 3
PLAY THE OPENING

Follow the example game's first 6:00 step by step: what to build now, what comes next, and where it goes. At 1× it keeps pace with your own game.

  1. 1

    Up to the Aircraft Plant

    Economy
    • Metal Extractor3Mex
    • Wind Turbine4Wind
    Order
    1. Aircraft PlantAircraft Plant after 3 mex, 4 winddone ~1:22, middle half 1:13–1:33

    Some games also: energy storage (37%)

    By 1:03 in all: 3 mex · 4 wind

    The example game in this phase · 4 steps
    1. Mex ×3
    2. Wind ×7
    3. Energy storage
    4. Aircraft PlantAircraft Plantdone 1:46 · typical 1:22
  2. 2

    Aircraft Plant to 5:00

    Economy
    • Metal Extractor1Mex
    • Wind Turbine9Wind
    • Wind Turbine3Wind
    Builders
    • Construction Turret2 Con turret
    • Construction Aircraft1 Con aircraft
    Army
    • Valiant5 Valiant
    • Finch2 Finch for allies
    • Hercules2 Light transport for allies
    • Shuriken1 Shuriken
    • Hephaestus1 Heavy transport for allies

    Some games also: energy storage (46%) · light transport (44%) · converter (40%) · con turret (31%)

    By 5:00 in all: 3 mex · 1 mex · 13 wind · 3 wind · 1 energy storage · 2 con turret

    The example game in this phase · 22 steps
    1. FinchFinch ×2for Geo sea
    2. HephaestusHeavy transportfor Beach sea
    3. Wind
    4. ValiantValiant
    5. Wind ×3
    6. ValiantValiant ×4
    7. Mex
    8. Wind ×3
    9. ValiantValiant
    10. HerculesLight transportfor Tech
    11. Wind
    12. HerculesLight transportfor Geo
    13. Wind
    14. HerculesLight transportfor Tech
    15. ValiantValiant
    16. Wind
    17. Converter ×2
    18. ValiantValiant
    19. Converter
    20. Wind
    21. Converter
    22. ValiantValiant
  3. 3

    5:00 to 10:00

    Economy
    • Wind Turbine20Wind
    • Wind Turbine5Wind
    • Energy Converter6Converter
    Order
    1. Aircraft PlantAircraft Plant after 18 wind, 17 wind, 6 converterin 58% of games
    Builders
    • Construction Turret4 Con turret
    Army
    • Valiant9 Valiant
    • Shuriken1 Shuriken

    Some games also: con aircraft (36%) · fusion (33%) · light transport (31%)

    By 10:00 in all: 3 mex · 1 mex · 24 wind · 20 wind · 8 converter · 1 energy storage

    The example game in this phase · 81 steps
    1. Wind
    2. Con turret
    3. ValiantValiant
    4. Advanced Metal ExtractorT2 mexdone 6:04
    5. Wind
    6. ValiantValiant ×3
    7. Wind
    8. ValiantValiant
    9. Advanced Metal ExtractorT2 mex ×2
    10. ValiantValiant ×3
    11. Con turret
    12. Advanced Metal ExtractorT2 mex
    13. ValiantValiant
    14. Wind ×4
    15. ValiantValiant
    16. Wind ×3
    17. ValiantValiant
    18. Wind ×2
    19. ValiantValiant ×2
    20. Wind
    21. Con turret
    22. ValiantValiant
    23. Wind
    24. ValiantValiant
    25. Wind
    26. ValiantValiant
    27. Con turret
    28. Wind
    29. ValiantValiant ×2
    30. Con turret
    31. ValiantValiant
    32. Aircraft PlantAircraft Plantdone 9:16
    33. ValiantValiant ×13
    34. WhirlwindWhirlwind
    35. ValiantValiant
    36. WhirlwindWhirlwind ×17
    37. ValiantValiant ×2
    38. Wind
    39. ValiantValiant ×4
    40. Wind
    41. ValiantValiant ×2
    42. WhirlwindWhirlwind
    43. Wind
    44. ValiantValiant
    45. WhirlwindWhirlwind
    46. Wind
    47. ValiantValiant ×4
    48. Wind
    49. ValiantValiant ×2
    50. Wind
    51. ValiantValiant ×2
    52. Wind
    53. ValiantValiant ×4
    54. Wind
    55. ValiantValiant ×2
    56. Wind
    57. ValiantValiant ×2
    58. Wind
    59. ValiantValiant ×4
    60. Wind
    61. ValiantValiant ×2
    62. Wind
    63. ValiantValiant ×6
    64. Wind
    65. ValiantValiant ×6
    66. Wind
    67. ValiantValiant ×4
    68. Wind
    69. Con turret
    70. Fusion ReactorFusiondone 13:42
    71. Wind
    72. ValiantValiant
    73. Con turret ×2
    74. Wind
    75. ValiantValiant ×10
    76. T2 converter
    77. ValiantValiant ×4
    78. T2 converter
    79. ValiantValiant ×6
    80. T2 converter
    81. ValiantValiant ×7

Counts are medians over the build's games: half of them build more, half fewer. The example game is Hummell's (45 OS, 25/09/2026); pick another.

Team trades

IN AT LEAST 30% OF ITS GAMES

You hand over

  • Finch2 Finch to Geo sea or Beach seafirst at 1:50 · in 96% of games
  • Hercules3 Light transport to Tech or Geo sea or Geofirst at 2:05 · in 98% of games
  • Hephaestus1 Heavy transport to Beach sea or Pond or Techfirst at 2:26 · in 75% of games

You get

  • Wind Turbine3 Wind from Beach sea or Geo seafirst at 1:38 · in 66% of games
  • Wind Turbine3 Wind from Beach sea or Geo sea or Pondfirst at 1:45 · in 48% of games
  • Construction Bot1 Con bot from Techfirst at 2:19 · in 84% of games
  • Advanced Construction Bot1 T2 con bot from Techfirst at 6:04 · in 94% of games

How it plays out

Typical game of this build, running totals by minute

Metal produced

010k20k30k
0:005:0010:0015:00

metal

Enemy metal destroyed

01k2k3k
0:005:0010:0015:00

metal

Own metal lost

01k2k3k
0:005:0010:0015:00

metal

559 games.

Show as table
ByMetal produced: This buildEnemy metal destroyed: This buildOwn metal lost: This build
1:0039300
2:0092400
3:00145700
4:002052051
5:00276573102
6:003779124147
7:005128176219
8:007036220281
9:009352250341
10:0011841314464
11:0014395439635
12:0017109605955
13:00199329071256
14:002261913911819
15:002548920592748
WHAT THE NUMBERS SAY

This is the role's standard support job, winning less than half its games while producing little combat impact but reliably feeding transports and scouts to teammates.

  • + Reaches Aircraft Plant almost immediately (1:23), fast T2 constructor by 5:58.
  • + Keeps own losses low (2789 by 15:00) versus other roles.
  • − Destroys only 2027 enemy metal by 15:00, minimal combat contribution.
  • − Fusion Reactor only completes in 57% of games, some games stall on eco.
THE EXAMPLE YOU ARE READING

Hummell

44.6 OS · 25/09/2026

Open source match ↗

29 received units · includes a constructor
139 metal received · 220971 energy received

Allied construction assistance is unknown. Timings are observations, not a promise of solo reproducibility.

Typical milestones

Aircraft Plant1:22Middle 50%: 1:13–1:33 · n=559
Advanced Metal Extractor6:50Middle 50%: 6:23–7:27 · n=536
Fusion Reactor10:56Middle 50%: 10:02–12:19 · n=338

Played most by

DRM35games of this buildCentientWaffle32games of this buildAdeus28games of this buildNutzz25games of this buildhaaven24games of this build